 Dungeon Crawl Stone Soup version 0.27.1 (webtiles) character file.

Game seed: 11096863608547886327

66 ZARRMARR the Shooter (level 3, -1/21 HPs)
             Began as a Deep Elf Hunter on Sept 4, 2021.
             Succumbed to an adder's poison
             ... on level 2 of the Dungeon.
             The game lasted 00:04:34 (1628 turns).

ZARRMARR the Shooter (Deep Elf Hunter)              Turns: 1628, Time: 00:04:35

Health: -1/21      AC:  3    Str:  9    XL:     3   Next: 96%
Magic:  5/5        EV: 12    Int: 16    God:
Gold:   69         SH:  0    Dex: 15    Spells: 2/2 levels left

rFire    + . .     SeeInvis .   h - +2 hand axe (elec)
rCold    + . .     Faith    .   (no shield)
rNeg     . . .     Spirit   .   c - +0 leather armour
rPois    +         Reflect  .   (no helmet)
rElec    +         Harm     .   (no cloak)
rCorr    +         Rampage  .   (no gloves)
Will     .....                  (no boots)
Stlth    ++........             (no amulet)
HPRegen  0.07/turn              (no ring)
MPRegen  0.09/turn              (no ring)

@: mighty, brilliant, lethally poisoned (-1 -> -7), resistant, hasted, very
quick
A: no striking features
a: no special abilities


You were on level 2 of the Dungeon.
You visited 1 branch of the dungeon, and saw 2 of its levels.

You collected 69 gold pieces.

Inventory:

Hand Weapons
 a - a +2 shortbow
 h - a +2 hand axe of electrocution (weapon)
Missiles
 d - 12 arrows
Armour
 c - a +0 leather armour (worn)
Scrolls
 g - a scroll of blinking {unknown}


   Skills:
 + Level 2.1 Fighting
 + Level 5.9 Bows
 + Level 3.3 Dodging
 + Level 2.6 Stealth


You had 2 spell levels left.
You didn't know any spells.
Your spell library contained the following spells:

 Spells                   Type           Power      Damage    Failure   Level
 Sublimation of Blood     Necr           0%         N/A       47%         2
 Wereblood                Tmut           0%         N/A       47%         2
 Summon Hydra             Summ           0%         N/A       100%        7


Dungeon Overview and Level Annotations

Branches:
Dungeon (2/15)

Altars:

Shops:
D:2 !


Message History

You kill the ball python!
You barely miss the adder.
You feel very sick. The adder closely misses you. The adder bites you.
* * * LOW HITPOINT WARNING * * *
You miss the adder.
The adder is severely wounded.
You feel sick. The adder bites you.
* * * LOW HITPOINT WARNING * * *
You are lethally poisoned!
The adder poisons you! The adder bites you.
* * * LOW HITPOINT WARNING * * *
It was a potion of heal wounds.
You feel much better.
You feel sick. The adder closely misses you.
You hit the adder.
The adder is almost dead.
You feel sick. The adder bites you. The adder misses you.
You closely miss the adder.
The adder is almost dead.
You feel sick. The adder bites you.
You are lethally poisoned!
The adder poisons you!
It was a potion of haste.
You feel yourself speed up.
You feel sick. The adder bites you but does no damage. The adder misses you.
It was a potion of resistance.
You feel protected.
* * * LOW HITPOINT WARNING * * *
You feel sick. The adder completely misses you.
It was a potion of brilliance.
You feel clever all of a sudden.
* * * LOW HITPOINT WARNING * * *
You feel sick.
It was a potion of might.
You feel very mighty all of a sudden.
* * * LOW HITPOINT WARNING * * *
You feel sick. The adder bites you.
* * * LOW HITPOINT WARNING * * *
You slash the adder!
You kill the adder!
You die...

##.######################.#..
#.# #. .(.#.### #.# #.
#####.#.### #.# #.
#.......... #.# #. .###.#.##.
#.# #. #.<#. #.# #. #..#. #.#
#.####### #..#. #.# #.@.....#
####. #.# #######.# #.... #.#
#.# #.##. #.# #.# #.#). #.#
#.# #.#.# #.##############.#
#.#.# #................#
#.#.. ##################
#.### #....


There were no monsters in sight!

Vanquished Creatures
  3 adders (D:2)
  3 worms (D:2)
  4 ball pythons
  4 bats
  6 endoplasms
  2 giant cockroaches (D:1)
  A goblin (D:1)
  3 hobgoblins (D:1)
  3 jackals (D:1)
  A kobold (D:2)
  2 quokkas (D:1)
  2 frilled lizards (D:1)
  3 rats
37 creatures vanquished.

Notes
Turn   | Place    | Note
-------+----------+-------------------------------------------
     0 | D:1      | ZARRMARR the Deep Elf Hunter began the quest for the Orb.
     0 | D:1      | Reached XP level 1. HP: 12/12 MP: 3/3
   113 | D:1      | Reached XP level 2. HP: 17/17 MP: 4/4
   327 | D:1      | Reached XP level 3. HP: 14/21 MP: 5/5
   919 | D:2      | Found Ponam's Distillery.
  1620 | D:2      | HP: 1/21 [adder (3)]
  1627 | D:2      | HP: 1/21 [adder (3)]
  1628 | D:2      | Succumbed to an adder's poison

Illustrated notes

Levels and vault maps discovered:
D:1:      psy_arrival_heroes, layout_basic
D:2:      layout_basic, serial_shops,
          nicolae_shop_temple_entry_statues_fountains

Skill      XL: |  1  2 |
---------------+-------+-----
Stealth        | 2 |  2.6
Dodging        | 3 |  3.3
Fighting       | 2 |  2.1
Bows           | |  5.9

Action                   || total
-------------------------++-------
Melee: Hand axe          ||    25
 Fire: Shortbow          ||    64
  Use: Potion            ||     5
       Scroll            ||     2
Armor: Leather armour    ||     7
Dodge: Dodged            ||    16
